 Dungeon Crawl Stone Soup version 0.27.1-34-g3ba077fa99 (webtiles) character file.

Game seed: 18342170565474833334

217 belegose the Cudgeller (level 5, -1/54 HPs)
             Began as a Troll Monk on Jan 10, 2022.
             Slain by an orc wizard (3 damage)
             ... on level 3 of the Dungeon.
             The game lasted 00:05:17 (2196 turns).

belegose the Cudgeller (Troll Monk)                 Turns: 2196, Time: 00:05:18

Health: -1/54      AC:  4    Str: 19    XL:     5   Next: 62%
Magic:  4/4        EV: 10    Int:  7    God:
Gold:   198        SH:  0    Dex: 12    Spells: 4/4 levels left

rFire    . . .     SeeInvis .   a - +0 mace
rCold    . . .     Faith    .   (no shield)
rNeg     . . .     Spirit   .   b - +0 robe
rPois    .         Reflect  .   (helmet restricted)
rElec    .         Harm     .   (no cloak)
rCorr    .         Rampage  .   (gloves unavailable)
Will     .....                  (boots unavailable)
Stlth    ++........             (no amulet)
HPRegen  1.18/turn              (no ring)
MPRegen  0.09/turn              (no ring)

@: mighty
A: large, unfitting armour, claws 3, regeneration 1, shaggy fur 1, tough skin 1
a: no special abilities


You were on level 3 of the Dungeon.
You visited 1 branch of the dungeon, and saw 4 of its levels.

You collected 198 gold pieces.

Inventory:

Hand Weapons
 a - a +0 mace (weapon)
 j - a +0 trident
Missiles
 g - 26 stones (quivered)
Armour
 b - a +0 robe (worn)
Jewellery
 l - an amulet of reflection
Scrolls
 c - 3 scrolls of identify {unknown}
 d - a scroll of enchant armour {unknown}
 e - a scroll of blinking {unknown}
 f - a scroll of magic mapping {unknown}
 h - 2 scrolls of teleportation {unknown}
 m - 3 scrolls of noise {unknown}
 n - a scroll of fear {unknown}


   Skills:
 + Level 4.1 Fighting
 + Level 4.5 Maces & Flails
 - Level 2.4 Dodging
 - Level 1.0 Stealth


You had 4 spell levels left.
You didn't know any spells.
Your spell library was empty.

Dungeon Overview and Level Annotations

Branches:
Dungeon (4/15)
 Temple: D:4-7

Altars:
Uskayaw
Wu Jian
Zin

Annotations:
D:3 Sigmund


Innate Abilities, Weirdness & Mutations

You are too large for most types of armour.
You have claws for hands.
Your natural rate of healing is unusually fast.
You are covered in fur. (AC +1)
You have tough skin. (AC +1)


Message History

You barely miss the orc priest.
The orc priest is heavily wounded.
The orc wizard gestures at you while chanting.
The puff of flame misses you.
The puff of flame hits the orc priest!
The orc priest dies!
The orc wizard gestures wildly while chanting.
The orc wizard flickers and vanishes!
Deactivating autopickup; reactivate with Ctrl-A.
You miss something. Something hits you.
* * * LOW HITPOINT WARNING * * *
It was a potion of magic.
Magic courses through your body.
You hear some strange, mumbled words.
You are confused.
It was a potion of might.
You feel very mighty all of a sudden. Something hits you but does no damage.
You bump into the rock wall.
Something hits you but does no damage.
You closely miss something. Something hits you but does no damage.
You closely miss something. Something hits you.
You miss something.
You hear some strange, mumbled words.
A puff of flame appears from out of thin air!
The puff of flame hits you!
* * * LOW HITPOINT WARNING * * *
You bump into the rock wall.
You hear some strange, mumbled words.
A magic dart appears from out of thin air!
The magic dart hits you!
* * * LOW HITPOINT WARNING * * *
You're too confused to move!
You feel less confused.
You hear some strange, mumbled words.
A puff of flame appears from out of thin air!
The puff of flame misses you.
You closely miss something. Something hits you.
* * * LOW HITPOINT WARNING * * *
Something hits you.
* * * LOW HITPOINT WARNING * * *
You hit something. Something hits you.
You die...

.#.g....##.....# ###### #.###
.#..#..# #####.# #.# .......
#####.### ### #.#
.......###.......### #.# #.#
########Z#####.....#####.####.###
...# #####.........#............
##.####...######.#......<........
#.##Z#._.#Z# #{#.#...).......##
#.#####.#### #@#..#.........##
#.# #Z#.#Z#####)##...........#
##.#####.###........).........#
.....o.#.#....................#
##.####..##..............#..###
.......................###.##
##>########................######
#......# #(..............).....#
#......# #...................###


There were no monsters in sight!

Vanquished Creatures
  A phantom (D:4)
  A hound (D:3)
  3 adders
  An ufetubus (D:4)
  A worm (D:4)
  2 dart slugs
  An orc (D:3)
  3 bats (D:3)
  5 endoplasms
  2 giant cockroaches
  5 goblins
  4 hobgoblins
  2 jackals (D:1)
  4 quokkas
  5 ball pythons
  A frilled lizard (D:1)
  7 kobolds
  3 rats
51 creatures vanquished.

Vanquished Creatures (others)
  An orc priest (D:3)
  2 plants (D:3)
3 creatures vanquished.

Grand Total: 54 creatures vanquished

Notes
Turn   | Place    | Note
-------+----------+-------------------------------------------
     0 | D:1      | belegose the Troll Monk began the quest for the Orb.
     0 | D:1      | Reached XP level 1. HP: 22/22 MP: 0/0
   120 | D:1      | Reached XP level 2. HP: 29/29 MP: 1/1
   188 | D:1      | Found a faded altar of an unknown god.
   744 | D:2      | Reached XP level 3. HP: 37/37 MP: 2/2
  1479 | D:3      | Reached XP level 4. HP: 45/45 MP: 3/3
  1557 | D:3      | Found an ornate altar of the Wu Jian Council.
  1564 | D:3      | Noticed a spectral centipede
  1564 | D:3      | Noticed a spectral black mamba
  1564 | D:3      | Noticed a spectral cane toad
  1573 | D:3      | Noticed Sigmund
  1645 | D:3      | Found a hide-covered altar of Uskayaw.
  1860 | D:4      | Noticed a phantom
  1877 | D:4      | Killed a phantom
  1878 | D:4      | Reached XP level 5. HP: 39/54 MP: 4/4
  2087 | D:3      | Found a glowing silver altar of Zin.
  2193 | D:3      | HP: 2/54 [something/magic dart (9)]
  2196 | D:3      | Slain by an orc wizard

Illustrated notes

Levels and vault maps discovered:
D:1:      lightli_arrival_quake, layout_loops_ring, basic_ecumenical_altar
D:2:      layout_basic
D:3:      corexii_shack_village, layout_rooms, general_overflow_altar,
          pdpol_wu_jian_five_deadly_venoms, pf_just_have_faith, uniq_sigmund
D:4:      layout_basic, lemuel_coloured_pillars_altar

Skill      XL: |  1  2  3  4  5 |
---------------+----------------+-----
Maces & Flails | 3 4 |  4.5
Fighting       | 3 4 |  4.1
Dodging        | |  2.4
Stealth        | |  1.0

Action                   |  1- 3 |  4- 6 || total
-------------------------+-------+-------++-------
Melee: Mace              |   124 |    76 ||   200
  Use: Potion            |       |     2 ||     2
 Stab: Sleeping          |     8 |       ||     8
Armor: Robe              |    37 |    38 ||    75
Dodge: Dodged            |    58 |    51 ||   109
